Map: Освоение РВ

Players

Nitrate - Winner!

  • Race: Protoss Protoss
  • League: Gold
  • Spawn Location: 5:00

Вагнер - Winner!

  • Race: Protoss Protoss
  • Spawn Location: 6:00

Matski

  • Race: Terran Terran
  • Spawn Location: 12:00

Pyndersboele

  • Race: Protoss Protoss
  • Spawn Location: 11:00

VOD

Have the link to the VOD?

Description

Time

  • Played on: Feb. 22, 2026, 1:42 p.m.
  • Length: 8:57
Show
View Real Time Build Order
Export as new Build Order

Nitrate Protoss - Winner!

Build Orders:  

Get SALT Encoding   

  12  0:00  Probe  
  13  0:12  Probe  
  14  0:17  Pylon  
  14  0:24  Probe  
  15  0:37  Probe  
  15  0:40  Gateway  
  16  0:45  Assimilator  
  16  0:49  Probe  
  17  1:01  Probe  
  18  1:09  Pylon  
  18  1:15  Probe  
  18  1:17  Pylon  
  19  1:27  Probe  
  20  1:33  Cybernetics Core  
  20  1:36  Pylon  
  20  1:45  Probe  
  21  1:51  Assimilator  
  21  1:59  Warp Gate  
  21  2:07  Probe, Stalker  
  23  2:29  Nexus  
  23  2:33  Probe  
  24  2:42  Pylon  
  24  2:43  Stalker  
  26  2:56  Probe  
  27  3:03  Gateway  
  28  3:48  Probe  
  28  4:00  Probe  
  29  4:03  Stalker  
  31  4:12  Probe  
  31  4:15  Probe  
  31  4:16  Twilight Council  
  33  4:24  Probe  
  33  4:27  Probe  
  35  4:37  Probe  
  36  4:39  Probe  
  37  4:52  Pylon  
  37  5:04  Probe x2  
  39  5:07  Stalker  
  39  5:08  Pylon, Blink  
  39  5:12  Gateway  
  39  5:14  Gateway  
  41  5:16  Probe x2  
  41  5:19  Pylon  
  43  5:24  Shield Battery  
  43  5:38  Shield Battery  
  43  5:40  Shield Battery  
  43  5:43  Pylon  
  39  6:13  Stalker  
  39  6:17  Stalker x3  
  43  6:29  Probe x2  
  45  6:33  Gateway  
  45  6:34  Gateway, Assimilator  
  43  6:41  Probe x2  
  43  6:46  Stalker  
  43  6:47  Stalker x3  
  49  6:53  Probe x2  
  54  7:02  Probe  
  54  7:05  Probe  
  54  7:06  Assimilator  
  56  7:10  Probe  
  56  7:12  Pylon  
  55  7:17  Probe  
  55  7:19  Probe  
  55  7:25  Stalker  
  55  7:26  Stalker x3  
  55  7:29  Probe  
  60  7:31  Probe  
  61  7:41  Probe  
  62  7:53  Probe  
  62  7:55  Stalker x5  
  73  8:01  Probe  
  73  8:04  Pylon  
  74  8:05  Probe  
  75  8:13  Probe  
  76  8:20  Nexus  
  76  8:25  Pylon  
  74  8:28  Pylon  
Show
View Real Time Build Order
Export as new Build Order

Вагнер Protoss - Winner!

Build Orders:  

Get SALT Encoding   

  12  0:01  Probe  
  13  0:09  Probe  
  14  0:17  Probe  
  15  0:23  Pylon  
  15  0:32  Assimilator  
  15  0:46  Gateway  
  15  0:52  Gateway  
  15  0:56  Probe  
  15  1:02  Pylon  
  16  1:04  Probe  
  17  1:12  Probe  
  18  1:28  Probe  
  19  1:33  Zealot  
  21  1:40  Zealot  
  21  1:41  Cybernetics Core  
  23  1:49  Probe  
  23  1:51  Assimilator  
  24  2:00  Zealot  
  26  2:03  Probe  
  26  2:07  Stalker  
  27  2:10  Pylon  
  29  2:29  Stalker  
  31  2:38  Twilight Council  
  31  2:58  Stalker  
  31  2:59  Stalker  
  33  3:25  Stalker  
  33  3:32  Stalker  
  31  3:53  Stalker  
  33  4:03  Zealot  
  33  4:20  Stalker  
  35  4:27  Stalker  
  35  4:47  Stalker  
  37  4:54  Stalker  
  37  5:14  Stalker  
  37  5:21  Stalker  
  35  5:41  Stalker  
  35  5:43  Nexus  
  35  5:48  Stalker  
  31  6:08  Stalker  
  31  6:15  Stalker  
  31  6:35  Stalker  
  33  6:42  Stalker  
  33  6:53  Probe  
  33  6:57  Probe  
  35  7:01  Probe  
  35  7:02  Stalker  
  35  7:05  Probe  
  38  7:09  Stalker  
  38  7:11  Probe  
  38  7:15  Probe  
  39  7:23  Probe  
  39  7:27  Probe  
  39  7:29  Stalker  
  41  7:35  Probe  
  41  7:36  Stalker  
  42  7:56  Stalker  
  42  8:03  Stalker  
  44  8:08  Probe  
  47  8:15  Assimilator  
  47  8:16  Probe  
  47  8:24  Stalker  
  47  8:26  Probe  
  51  8:38  Probe  
Show
View Real Time Build Order
Export as new Build Order

Matski Terran 

Build Orders: Mech 

Get SALT Encoding   

  12  0:00  SCV  
  13  0:13  Supply Depot  
  13  0:18  SCV  
  14  0:30  SCV  
  15  0:37  Barracks  
  15  0:43  Refinery  
  15  0:46  SCV  
  16  1:10  Refinery  
  16  1:23  SCV  
  17  1:47  Barracks Tech Lab  
  17  1:58  Factory  
  17  2:06  Orbital Command  
  17  2:12  Ghost Academy  
  17  2:22  Ghost Academy, Marine  
  18  2:36  SCV  
  19  2:44  Ghost  
  20  3:06  Refinery  
  20  3:11  Factory Tech Lab  
  20  3:16  Supply Depot  
  19  3:27  Marine  
  20  3:39  SCV  
  21  3:51  Command Center  
  19  4:15  Marine  
  19  4:38  Siege Tank  
  20  4:44  Factory x2  
  19  4:49  Barracks  
  20  4:59  Command Center  
  20  5:03  Supply Depot  
  19  5:16  Cyclone  
  22  5:30  Hellion  
  24  5:41  Marine  
  19  6:08  Cyclone  
  19  6:09  Factory Tech Lab x2  
  19  6:29  Supply Depot  
  19  6:39  Marine  
  19  6:41  Siege Tank  
  19  6:44  SCV  
  24  6:57  Siege Tank  
  27  7:04  Orbital Command  
  27  7:19  Siege Tank  
  26  7:34  Siege Tank  
  26  7:37  SCV  
  27  7:49  Widow Mine, SCV  
  27  8:00  Widow Mine  
  29  8:21  Siege Tank  
Show
View Real Time Build Order
Export as new Build Order

Pyndersboele Protoss 

Build Orders:  

Get SALT Encoding   

  12  0:00  Probe  
  13  0:13  Pylon  
  13  0:17  Probe  
  14  0:26  Probe  
  14  0:34  Probe  
  15  0:38  Gateway  
  16  0:44  Probe  
  17  0:56  Probe  
  18  1:08  Probe  
  18  1:10  Assimilator  
  19  1:20  Probe  
  20  1:30  Cybernetics Core  
  20  1:32  Probe  
  21  1:44  Probe  
  22  1:51  Nexus  
  22  1:56  Pylon, Probe  
  23  2:06  Adept  
  23  2:10  Assimilator  
  23  2:14  Probe  
  26  2:26  Probe, Pylon  
  27  2:34  Zealot  
  27  3:14  Gateway, Shield Battery  
  27  3:16  Pylon  
  27  3:26  Probe  
  27  3:27  Probe  
  29  3:38  Probe  
  29  3:39  Shield Battery, Probe  
  31  3:46  Stalker  
  31  3:51  Probe x2  
  35  4:03  Probe  
  36  4:14  Stalker x2  
  36  4:42  Warp Gate  
  32  5:05  Stalker x2  
  23  5:33  Stalker  
  19  5:38  Stalker  
  22  5:55  Stalker  
  24  6:05  Stalker  
  24  6:32  Stalker  
  24  6:47  Stalker  
  26  6:59  Stalker  
  26  7:01  Probe x2  
  30  7:13  Probe x2  
  30  7:25  Probe  
  30  7:26  Probe  
  30  7:27  Stalker  
  26  7:38  Probe  
  21  7:52  Stalker x2  
  21  8:17  Stalker x2  
  21  8:19  Twilight Council  
Tags
 
Composition
Mech
League
Gold
Add a new tag
Caveats
  • Supply blocks, unpowered buildings, or Contaminate may cause inaccurate times.
  • Supply counts are checked every 10 seconds.